 Dungeon Crawl Stone Soup version 0.19.1 (webtiles) character file.

57 esteth the Poker (level 4, -4/35 HPs)
             Began as a Merfolk Abyssal Knight on Dec 21, 2016.
             Was a Follower of Lugonu.
             Slain by a bullfrog (7 damage)
             ... on level 2 of the Dungeon.
             The game lasted 00:04:50 (1596 turns).

esteth the Poker (Merfolk Abyssal Knight)           Turns: 1596, Time: 00:04:51

Health: -4/35      AC:  3    Str: 13    XL:     4   Next: 0%
Magic:  5/5        EV: 12    Int: 11    God:    Lugonu [*.....]
Gold:   104        SH:  0    Dex: 13    Spells: 0 memorised, 3 levels left

rFire  + . .     SeeInvis .     a - +1 spear
rCold  . . .     Gourm    .     b - +0 leather armour
rNeg   . . .     Faith    .     (no shield)
rPois  .         Spirit   .     (no helmet)
rElec  .         Reflect  .     (no cloak)
rCorr  .         Harm     .     (no gloves)
MR     .....                    (no boots)
Stlth  +.........               (no amulet)
                                (no ring)
                                g - ring of protection from fire

@: no status effects
A: change form in water, swift swim, stealthy swim
a: Depart the Abyss, Renounce Religion


You were on level 2 of the Dungeon.
You worshipped Lugonu.
Lugonu was aware of your devotion.
You were not hungry.

You visited 1 branch of the dungeon, and saw 3 of its levels.
You visited the Abyss 1 time.

You collected 104 gold pieces.

Inventory:

Hand Weapons
 a - a +1 spear (weapon)
 d - a +2 dagger of venom
 f - a cursed -1 short sword
Armour
 b - a +0 leather armour (worn)
Jewellery
 g - a ring of protection from fire (left hand)
Scrolls
 e - a scroll of fog {unknown}
 h - a scroll of random uselessness {unknown}
 i - a scroll of enchant weapon {unknown}
 j - a scroll of remove curse {unknown}
 l - 2 scrolls of identify
Potions
 k - 2 potions of might {unknown}
 m - a potion of heal wounds {unknown}
 n - a potion of agility {unknown}


   Skills:
 - Level 3.3 Fighting
 * Level 5.7 Polearms
 - Level 0.7 Armour
 - Level 3.0 Dodging
 - Level 2.0 Invocations


You had 3 spell levels left.
You didn't know any spells.

Dungeon Overview and Level Annotations

Branches:
Dungeon (3/15)

Altars:


Message History

The orc hits you with a dagger.
* * * LOW HITPOINT WARNING * * *
You are too injured to fight recklessly!
The bullfrog barely misses you. The frilled lizard closely misses you.
The orc closely misses you.
You climb upwards.
There is a stone staircase leading down here.
Okay, then.
You hit the bullfrog.
The bullfrog is heavily wounded.
The bullfrog closely misses you. x2; The frilled lizard closely misses you.
You closely miss the bullfrog.
The bullfrog is heavily wounded.
The orc barely misses you. The bullfrog hits you.
* * * LOW HITPOINT WARNING * * *
You closely miss the bullfrog.
The bullfrog is heavily wounded.
The frilled lizard bites you but does no damage.
The bullfrog hits you!
You die...

.............#.#.#.##.#.####.#.##
#####...######.(....#...# #...#.
#...# ####(#.'##########'. #...#
#.#.####.##.##### ###...###
#.#.(..........## #.......#
##.#......##.##.## #.##.##.#
#.........##...... #.##....#
#ol.(.....#####.## ###.####..##
#@F.......# #... .....###...##
####.....## ####
###.........########...##
#..............# #####
#.#####....###.#### #.#
#.......)...# ###.# #...#.##.##.#
..#.# #..##.##.##.#
#.#.#####.###.##..#.#


You could see a bullfrog, an orc and a frilled lizard.

Vanquished Creatures
  2 adders
  2 worms (D:2)
  A dart slug (D:2)
  2 leopard geckos
  7 bats
  A giant cockroach (D:2)
  4 goblins
  3 hobgoblins
  2 jackals (D:2)
  A kobold (D:2)
  2 frilled lizards
  A rat (D:2)
28 creatures vanquished.

Notes
Turn   | Place    | Note
-------+----------+-------------------------------------------
     0 | Abyss:1  | esteth the Merfolk Abyssal Knight began the quest for the Orb.
     0 | Abyss:1  | Reached XP level 1. HP: 18/18 MP: 2/2
    90 | Abyss:1  | Found a corrupted altar of Lugonu.
   127 | Abyss:1  | Noticed a worldbinder
   128 | Abyss:1  | Noticed a siren
   129 | D:1      | Escaped the Abyss
   196 | D:1      | Reached * piety under Lugonu
   229 | D:1      | You fall through a shaft!
   231 | D:2      | Reached XP level 2. HP: 24/24 MP: 3/3
   256 | D:2      | Reached skill level 4 in Polearms
  1007 | D:2      | Reached XP level 3. HP: 20/29 MP: 4/4
  1267 | D:2      | Reached skill level 5 in Polearms
  1582 | D:3      | Noticed a bullfrog
  1587 | D:3      | Reached XP level 4. HP: 24/35 MP: 5/5
  1596 | D:2      | Slain by a bullfrog

Skill      XL: |  1  2  3 |
---------------+----------+-----
Dodging        | 3 |  3.0
Polearms       | 4 5 |  5.7
Fighting       | |  3.3
Armour         | |  0.7
Invocations    | |  2.0

Action                   |  1- 3 |  4- 6 || total
-------------------------+-------+-------++-------
Melee: Spear             |   113 |     7 ||   120
Invok: Depart the Abyss  |     1 |       ||     1
  Use: Scroll            |     2 |       ||     2
  Eat: Bread ration      |     1 |       ||     1
       Chunk             |     1 |       ||     1
Armor: Leather armour    |    30 |     2 ||    32
Dodge: Dodged            |    60 |    13 ||    73
